 Dungeon Crawl Stone Soup version 0.27-a0-421-g7ddf969dea (webtiles) character file.

Game seed: 674780220229925723

179 sanka the Covert (level 5, -1/28 HPs)
             Began as a Vampire Enchanter on Feb 26, 2021.
             Slain by a crimson imp (3 damage)
             ... on level 3 of the Dungeon.
             The game lasted 00:06:12 (2781 turns).

sanka the Covert (Vampire Enchanter)                Turns: 2781, Time: 00:06:12

Health: -1/28      AC:  2    Str:  7    XL:     5   Next: 33%
Magic:  4/8        EV: 13    Int: 15    God:
Gold:   108        SH:  0    Dex: 16    Spells: 2/8 levels left

rFire    . . .     SeeInvis +   a - +1 dagger
rCold    + + .     Faith    .   (no shield)
rNeg     + + +     Spirit   .   b - +0 robe
rPois    ∞         Reflect  .   (no helmet)
rElec    .         Harm     .   (no cloak)
rCorr    .         Rampage  .   (no gloves)
Will     +....                  (no boots)
Stlth    ++++++....             (no amulet)
HPRegen  0.00/turn              (no ring)
MPRegen  0.11/turn              (no ring)

@: bloodless, hasted, very quick
A: claws 1, fangs 3, see invisible, dopey 1, strong-willed 1, unbreathing
a: Bat Form, Revivify


You were on level 3 of the Dungeon.
You visited 1 branch of the dungeon, and saw 3 of its levels.

You collected 108 gold pieces.


Innate Abilities, Weirdness & Mutations

You do not regenerate when monsters are visible.
You are frail without blood (-20% HP).
You can heal yourself when you bite living creatures.
You are immune to poison.
You have razor-sharp teeth.
You have supernaturally acute eyesight. (SInv)
You can survive without breathing.
You have sharp fingernails.
You are dopey. (Int -2)
You are strong-willed. (Will+)


   Skills:
 - Level 1.1 Short Blades
 - Level 2.1 Dodging
 - Level 8.0 Stealth
 - Level 2.0 Spellcasting
 + Level 6.4 Hexes


You had 2 spell levels left.
You knew the following spells:

 Your Spells              Type           Power        Failure   Level
x - Ensorcelled Hibernat  Hex/Ice        22%          9%          2
z - Confusing Touch       Hex            20%          4%          3
Z - Corona                Hex            22%          1%          1

Your spell library contained the following spells:

 Spells                   Type           Power        Failure   Level
 Tukima's Dance           Hex            20%          4%          3
 Dazzling Flash           Conj/Hex       22%          19%         3

Inventory:

Hand Weapons
 a - a +1 dagger (weapon)
Missiles
 l - 18 poisoned darts
Armour
 b - a +0 robe (worn)
 i - a +0 buckler
Scrolls
 c - 3 scrolls of teleportation {unknown}
 d - 4 scrolls of identify {unknown}
 j - a scroll of blinking {unknown}
Potions
 e - a potion of cancellation
 g - a potion of brilliance {unknown}
 h - a potion of lignification {unknown}

Dungeon Overview and Level Annotations

Branches:
Dungeon (3/15)

Altars:
Cheibriados
Xom

Portals:
Sewer: D:3

Annotations:
D:3 Robin

▒.....▒ ▒▒.▒ ▒.▒..
▒.....▒▒▒▒▒▒..▒
▒[▒!.
▒.....▒..>....▒
▒.▒..
▒.....▒.▒▒▒▒▒.▒
▒<▒▒▒ ▒.▒▒(▒▒.▒ ▒.▒
▒▒.▒ ▒.▒▒.▒▒.▒ ▒.▒
▒▒..▒ ▒5▒▒....▒
▒.▒▒▒▒..▒▒
▒▒▒.▒▒.▒..▒▒
▒.▒▒..)▒▒
▒...▒▒.▒▒V£▒
▒....▒▒▒
▒.▒.▒▒.▒▒▒5▒▒▒▒..▒▒▒
▒▒▒▒'▒▒▒▒.▒
▒...▒▒..▒
▒.^.....▒.▒
▒▒▒.▒▒..▒
▒▒▒._!▒▒▒▒▒ ▒.▒▒..▒
▒[^...^#▒ ▒..▒▒.▒
▒▒▒▒'▒▒▒▒ ▒▒.▒..▒
▒..▒ ▒.▒..▒▒ ▒▒.▒
▒.....▒


You could see a crimson imp.


Message History

The crimson imp blinks!
It was a potion of mutation.
You feel extremely strange.
Your fingernails lengthen.
You feel stupid.
You feel strong-willed. The crimson imp closely misses you.
The spell is quite dangerous to cast (4% risk of failure)!
Continue anyway?
Your claws begin to glow red.
The crimson imp closely misses you.
You barely miss the crimson imp.
You hit the crimson imp but do no damage.
The crimson imp barely misses you.
You hear the rapid rusting of a distant drain.
You see here 10 stones.
The crimson imp blinks!
You hit the crimson imp but do no damage.
Your bite misses the crimson imp. You closely miss the crimson imp.
The crimson imp barely misses you.
You closely miss the crimson imp. You closely miss the crimson imp.
The crimson imp misses you.
You hit the crimson imp but do no damage.
The crimson imp closely misses you.
You hit the crimson imp but do no damage.
Your claws stop glowing.
You miss the crimson imp. The crimson imp hits you.
You die...

Action                   |  1- 3 |  4- 6 || total
-------------------------+-------+-------++-------
Melee: Dagger            |    78 |    84 ||   162
       Bite              |     4 |    12 ||    16
 Cast: Corona            |     3 |       ||     3
       Ensorcelled Hiber |    12 |     3 ||    15
       Confusing Touch   |     3 |     6 ||     9
 Abil: Exsanguinate      |     1 |       ||     1
  Use: Potion            |       |     3 ||     3
 Stab: Sleeping          |    24 |    12 ||    36
       Confused          |     2 |     5 ||     7
       Distracted        |       |     1 ||     1
Armor: Robe              |    14 |     5 ||    19
Dodge: Dodged            |    47 |    42 ||    89

Levels and vault maps discovered:
D:1:      enne_arrival_octagon_isle, layout_basic, lemuel_old_faithful
D:2:      layout_rooms
D:3:      layout_rooms, regret_index_temple_of_mockery,
          nicolae_overflow_crystal_walls, portal_sewer_entry_a, led_xom_imps,
          uniq_crazy_yiuf_cottage, uniq_robin, uniq_terence

Notes
Turn   | Place    | Note
-------+----------+-------------------------------------------
     0 | D:1      | sanka the Vampire Enchanter began the quest for the Orb.
     0 | D:1      | Reached XP level 1. HP: 13/13 MP: 3/3
    84 | D:1      | Reached skill level 5 in Stealth
   263 | D:1      | Reached XP level 2. HP: 15/15 MP: 5/5
   274 | D:1      | Learned a level 2 spell: Ensorcelled Hibernation
   306 | D:1      | Reached skill level 6 in Stealth
   778 | D:1      | Reached XP level 3. HP: 19/19 MP: 1/6
  1153 | D:2      | Learned a level 3 spell: Confusing Touch
  1764 | D:1      | Reached skill level 7 in Stealth
  1922 | D:2      | Reached skill level 5 in Hexes
  1922 | D:2      | Reached XP level 4. HP: 24/24 MP: 7/7
  2224 | D:3      | Noticed Terence
  2248 | D:3      | HP: 2/24 [adder (1)]
  2521 | D:3      | Killed Terence
  2572 | D:3      | Found a snail-covered altar of Cheibriados.
  2625 | D:3      | Found a glowing drain.
  2639 | D:3      | Reached XP level 5. HP: 23/28 MP: 4/8
  2648 | D:3      | Noticed Robin
  2728 | D:3      | Found a shimmering altar of Xom.
  2747 | D:3      | Reached skill level 8 in Stealth
  2747 | D:3      | Reached skill level 6 in Hexes
  2761 | D:3      | HP: 2/28 [crimson imp/+2 dagger of chaos (2)]
  2764 | D:3      | Gained mutation: You have sharp fingernails. [potion of
                  | mutation]
  2764 | D:3      | Gained mutation: You are dopey. (Int -2) [potion of
                  | mutation]
  2764 | D:3      | Gained mutation: You are strong-willed. (Will+) [potion of
                  | mutation]
  2781 | D:3      | Slain by a crimson imp

Vanquished Creatures
  A crimson imp (D:3)
  Terence (D:3)
  4 adders
  A river rat (D:3)
  An ooze (D:1)
  2 worms (D:2)
  A dart slug (D:1)
  A leopard gecko (D:1)
  4 orcs (D:3)
  6 bats
  A giant cockroach (D:2)
  12 goblins
  3 hobgoblins (D:1)
  4 jackals
  3 kobolds (D:1)
  A ball python (D:3)
  7 frilled lizards
  8 rats
61 creatures vanquished.

Vanquished Creatures (others)
  A rat (D:1)
1 creature vanquished.

Grand Total: 62 creatures vanquished
